Map: Dusk Towers

Players

Probe - Winner!

  • Race: Protoss Protoss

HuK

  • Race: Protoss Protoss
  • League: Grandmaster

Event: DreamHack ROCCAT LotV Championship

VOD

Have the link to the VOD?

Description

Time

  • Played on: Nov. 26, 2015, 7:47 a.m.
  • Length: 18:33

All games in this series

Show
View Real Time Build Order
Export as new Build Order

Probe Protoss - Winner!

Build Orders: Oracle Opening, Dark Templar Rush 

Get SALT Encoding   

  12  0:10  Pylon  
  12  0:13  Probe (Chrono Boost)  
  13  0:29  Gateway  
  13  0:32  Probe (Chrono Boost)  
  14  0:41  Assimilator  
  14  0:42  Probe (Chrono Boost)  
  15  0:48  Assimilator  
  15  0:53  Probe (Chrono Boost)  
  16  1:03  Probe (Chrono Boost)  
  17  1:14  Probe (Chrono Boost)  
  17  1:17  Cybernetics Core  
  18  1:25  Probe (Chrono Boost)  
  19  1:35  Probe (Chrono Boost)  
  19  1:36  Pylon  
  20  1:46  Probe (Chrono Boost)  
  21  1:55  Warp Gate (Chrono Boost)  
  21  2:01  Probe, Twilight Council  
  22  2:07  Pylon  
  22  2:13  Probe  
  23  2:25  Stargate  
  24  2:30  Probe  
  24  2:38  Dark Shrine  
  24  2:53  Pylon  
  24  3:10  Oracle (Chrono Boost)  
  24  3:11  Gateway  
  27  3:27  Nexus  
  26  3:42  Oracle (Chrono Boost)  
  29  3:51  Dark Templar  
  31  4:11  Robotics Facility  
  31  4:14  Probe  
  31  4:15  Pylon  
  32  4:21  Adept  
  34  4:30  Probe  
  35  4:43  Probe  
  36  4:46  Adept x2  
  40  4:55  Probe  
  40  4:56  Mothership Core  
  40  4:59  Observer (Chrono Boost)  
  44  5:06  Probe  
  45  5:17  Probe x2  
  47  5:27  Probe  
  47  5:29  Probe  
  49  5:38  Probe  
  49  5:41  Probe  
  49  5:42  Immortal (Chrono Boost)  
  55  5:44  Blink (Chrono Boost)  
  55  5:45  Assimilator  
  55  5:48  Probe  
  55  5:49  Assimilator  
  55  5:51  Pylon  
  55  5:53  Probe, Pylon  
  57  5:59  Probe  
  58  6:05  Probe  
  58  6:09  Probe  
  60  6:17  Probe  
  65  6:18  Warp Prism (Chrono Boost)  
  65  6:20  Probe  
  65  6:23  Gateway x2  
  64  6:29  Gateway  
  64  6:32  Gateway  
  62  6:42  Forge  
  62  6:43  Sentry x2  
  66  6:59  Immortal  
  66  7:02  Protoss Ground Weapons Level 1 (Chrono Boost)  
  66  7:07  Gateway  
  70  7:09  Stalker x2  
  70  7:14  Probe x2  
  76  7:26  Dark Templar x2  
  76  7:27  Probe x2  
  82  7:32  Stalker  
  84  7:38  Pylon  
  84  7:47  Pylon  
  84  7:54  Nexus  
  84  8:03  Photon Cannon  
  84  8:05  Pylon  
  82  8:18  Stalker x4  
  85  8:29  Stalker x2  
  89  8:38  Observer (Chrono Boost)  
  89  8:39  Robotics Bay  
  90  8:43  Stalker x2  
  94  8:52  Stalker x2  
  98  8:58  Photon Cannon  
  98  8:59  Observer (Chrono Boost)  
  96  9:10  Stalker x2  
  96  9:16  Stalker  
  102  9:17  Stalker  
  102  9:21  Probe x2  
  102  9:22  Probe  
  99  9:42  Protoss Ground Weapons Level 2  
  97  9:50  Stalker x5  
  108  9:52  Probe  
  108  9:55  Pylon  
  108  10:03  Pylon  
  108  10:05  Assimilator  
  108  10:11  Disruptor (Chrono Boost)  
  111  10:17  Assimilator  
  111  10:23  Stalker  
  111  10:24  Stalker x2  
  111  10:26  Probe  
  111  10:27  Probe  
  119  10:29  Dark Templar  
  121  10:37  Dark Templar x2  
  123  10:58  Pylon  
  123  11:00  Pylon  
  123  11:09  Pylon  
  123  11:10  Pylon  
  123  11:15  Disruptor (Chrono Boost)  
  124  11:22  Stalker x6  
  134  11:45  Stalker x5  
  134  11:46  Disruptor (Chrono Boost)  
  145  12:02  Nexus  
  145  12:16  Protoss Ground Weapons Level 3  
  145  12:17  Disruptor (Chrono Boost)  
  145  12:26  Stalker x5, Pylon  
  155  12:36  Charge  
  155  12:43  Templar Archives  
  155  12:50  Disruptor (Chrono Boost)  
  158  13:02  Stalker  
  158  13:03  Stalker x2  
  164  13:06  Pylon  
  164  13:17  Dark Templar x2  
  165  13:26  Disruptor (Chrono Boost)  
  163  13:48  Stalker x4  
  171  13:58  Disruptor (Chrono Boost)  
  171  14:05  Stalker x2  
  175  14:20  Stalker  
  175  14:21  Stalker x2  
  179  14:24  Assimilator  
  179  14:26  Photon Cannon, Assimilator  
  179  14:29  Disruptor (Chrono Boost)  
  182  14:35  Robotics Facility  
  180  15:03  Dark Templar x2  
  180  15:04  Stalker x2  
  186  15:17  Dark Templar  
  188  15:24  Observer (Chrono Boost)  
  186  15:48  Pylon  
  186  15:50  Pylon  
  186  15:52  Pylon  
  186  15:54  Pylon  
  186  16:03  Photon Cannon  
  186  16:04  Pylon  
  186  16:08  Disruptor (Chrono Boost)  
  190  16:13  Disruptor (Chrono Boost)  
  190  16:22  Templar Archives  
  189  16:30  Dark Templar x2  
  189  16:31  Dark Templar  
  185  16:40  Disruptor (Chrono Boost)  
  187  16:49  Disruptor (Chrono Boost), Photon Cannon  
  187  16:50  Stalker  
  189  17:04  Dark Templar x3  
  192  17:12  Observer (Chrono Boost)  
  190  17:21  Nexus  
  190  17:27  Photon Cannon  
  190  17:30  High Templar, Photon Cannon  
  190  17:32  Zealot x2, Photon Cannon  
  195  17:52  Observer (Chrono Boost)  
  184  18:33  Stalker x6  
Show
View Real Time Build Order
Export as new Build Order

HuK Protoss 

Build Orders: Dark Templar Rush 

Get SALT Encoding   

  12  0:00  Probe (Chrono Boost)  
  13  0:11  Probe (Chrono Boost)  
  14  0:17  Pylon  
  14  0:22  Probe (Chrono Boost)  
  16  0:35  Probe (Chrono Boost)  
  16  0:37  Gateway  
  16  0:42  Assimilator  
  16  0:46  Probe (Chrono Boost)  
  17  0:51  Assimilator  
  17  0:56  Probe (Chrono Boost)  
  18  1:00  Pylon  
  18  1:07  Probe (Chrono Boost)  
  19  1:17  Probe (Chrono Boost)  
  20  1:24  Cybernetics Core  
  20  1:28  Probe (Chrono Boost)  
  21  1:38  Probe (Chrono Boost)  
  22  1:49  Probe (Chrono Boost)  
  23  1:56  Nexus  
  23  1:58  Warp Gate (Chrono Boost)  
  25  2:01  Mothership Core (Chrono Boost)  
  25  2:14  Twilight Council  
  25  2:21  Probe  
  26  2:31  Gateway  
  26  2:50  Gateway  
  26  2:52  Dark Shrine  
  26  2:54  Gateway  
  26  3:01  Stalker (Chrono Boost)  
  28  3:15  Pylon  
  28  3:21  Stalker (Chrono Boost)  
  31  3:34  Probe x2  
  32  3:41  Robotics Facility  
  32  4:02  Pylon  
  31  4:05  Probe (Chrono Boost)  
  32  4:15  Dark Templar  
  34  4:17  Probe  
  34  4:18  Probe  
  37  4:35  Forge  
  37  4:37  Probe  
  35  4:43  Robotics Facility  
  35  4:44  Sentry  
  34  4:47  Probe  
  35  4:53  Probe, Robotics Facility  
  35  4:56  Sentry  
  36  5:02  Probe  
  37  5:08  Photon Cannon  
  37  5:10  Photon Cannon  
  37  5:11  Probe  
  38  5:17  Robotics Facility  
  38  5:27  Probe  
  35  5:29  Probe  
  35  5:38  Probe  
  32  5:47  Probe  
  32  5:48  Probe  
  34  5:58  Blink  
  34  5:59  Probe x2 (Chrono Boost)  
  34  6:05  Observer (Chrono Boost)  
  36  6:11  Probe (Chrono Boost)  
  36  6:14  Probe (Chrono Boost)  
  37  6:20  Stalker  
  37  6:22  Probe (Chrono Boost)  
  37  6:24  Probe (Chrono Boost)  
  41  6:32  Probe (Chrono Boost)  
  42  6:35  Probe (Chrono Boost)  
  43  6:40  Pylon  
  43  6:43  Stalker, Probe (Chrono Boost)  
  43  6:45  Probe (Chrono Boost)  
  47  6:53  Probe (Chrono Boost)  
  44  6:56  Probe (Chrono Boost)  
  44  7:00  Protoss Ground Weapons Level 1 (Chrono Boost)  
  45  7:04  Probe (Chrono Boost)  
  45  7:06  Probe (Chrono Boost)  
  47  7:10  Assimilator  
  47  7:14  Probe (Chrono Boost), Assimilator  
  48  7:17  Probe (Chrono Boost)  
  49  7:27  Probe (Chrono Boost)  
  49  7:28  Probe (Chrono Boost)  
  49  7:29  Pylon  
  51  7:37  Probe (Chrono Boost)  
  51  7:38  Probe (Chrono Boost)  
  51  7:42  Stalker x2  
  51  7:43  Stalker  
  59  7:45  Stalker  
  59  7:48  Probe (Chrono Boost)  
  59  7:50  Probe (Chrono Boost)  
  61  7:58  Probe (Chrono Boost), Robotics Bay  
  62  8:01  Pylon  
  63  8:05  Probe (Chrono Boost)  
  63  8:09  Probe (Chrono Boost)  
  61  8:19  Probe x2 (Chrono Boost)  
  63  8:42  Nexus  
  63  8:44  Pylon  
  63  8:47  Disruptor (Chrono Boost)  
  66  8:53  Pylon  
  66  8:54  Protoss Ground Weapons Level 2  
  66  8:55  Photon Cannon  
  66  9:01  Pylon  
  66  9:05  Pylon  
  66  9:18  Disruptor (Chrono Boost)  
  66  9:19  Pylon  
  66  9:20  Stalker x3  
  73  9:50  Pylon x2  
  73  9:51  Stalker x4  
  73  9:52  Pylon  
  80  9:54  Pylon  
  80  9:56  Gateway, Pylon  
  80  9:59  Disruptor (Chrono Boost)  
  83  10:22  Nexus  
  83  10:26  Pylon  
  83  10:32  Disruptor (Chrono Boost)  
  86  10:39  Sentry  
  88  10:43  Pylon  
  88  10:47  Pylon  
  85  11:08  Observer (Chrono Boost)  
  86  11:17  Probe  
  83  11:24  Probe  
  84  11:29  Probe  
  84  11:30  Disruptor (Chrono Boost)  
  88  11:36  Stalker x3  
  88  11:37  Stalker  
  96  11:53  Probe  
  97  11:57  Probe  
  97  11:58  Probe  
  98  12:05  Probe  
  99  12:12  Disruptor (Chrono Boost)  
  99  12:24  Stalker x4  
  99  12:25  Stalker  
  99  12:26  Probe  
  99  12:29  Protoss Ground Weapons Level 3  
  110  12:31  Probe  
  110  12:33  Probe  
  112  12:38  Probe, Assimilator x2  
  112  12:42  Probe  
  112  12:43  Disruptor (Chrono Boost)  
  112  12:44  Photon Cannon  
  117  12:45  Probe  
  118  12:52  Probe  
  119  13:14  Disruptor (Chrono Boost)  
  122  13:25  Stalker x5  
  122  13:48  Gateway  
  122  13:50  Gateway x3  
  122  13:51  Warp Prism (Chrono Boost)  
  122  13:53  Probe x2  
  122  13:54  Photon Cannon  
  126  13:57  Probe  
  127  14:09  Gravitic Drive  
  119  14:21  Probe x2  
  120  14:26  Dark Templar  
  120  14:27  Dark Templar x3  
  126  14:47  Immortal (Chrono Boost), Dark Templar x2  
  126  14:48  Dark Templar  
  136  14:53  Archon  
  130  15:01  Dark Templar x3  
  133  15:28  Disruptor (Chrono Boost)  
  133  15:30  Archon x2  
  133  15:31  Dark Templar x3  
  133  15:32  Dark Templar x2  
  141  15:45  Archon  
  138  16:00  Observer (Chrono Boost)  
  138  16:01  Dark Templar  
  138  16:02  Pylon  
  141  16:04  Dark Templar  
  138  16:21  Probe x2  
  140  16:30  Zealot x3  
  140  16:31  Zealot x4  
  154  16:38  Nexus  
  147  16:41  Observer (Chrono Boost)  
  147  16:46  Stalker  
  147  16:47  Stalker  
  145  16:50  Nexus  
  141  16:59  Observer (Chrono Boost)  
  140  17:06  Zealot x4  
  130  17:16  Disruptor (Chrono Boost)  
  130  17:22  Stalker x5  
  139  17:25  Archon  
  143  17:45  Stalker x3  
  119  18:00  Stalker x3  

Tags
 
Add a new tag
Caveats
  • Supply blocks, unpowered buildings, or Contaminate may cause inaccurate times.
  • Supply counts are checked every 10 seconds.